 Dungeon Crawl Stone Soup version 0.30-a0-187-gd9c2deaf24 (webtiles) character file.

Game seed: 18243648665664033952

44 lunkers the Chopper (level 4, -2/30 (36) HPs)
             Began as a Meteoran Reaver on Oct 4, 2022.
             Was a Follower of Dithmenos.
             Slain by a gnoll
             ... wielding a +0 whip
             ... led by a gnoll bouda
              (5 damage)
             ... on level 2 of the Dungeon.
             The game lasted 00:03:07 (735 turns).

lunkers the Chopper (Meteoran Reaver)                Turns: 735, Time: 00:03:07

HP:   -2/30 (36)    AC:  3    Str: 13    XL:     4   Next: 8%
MP:   8/9           EV: 12    Int: 14    God:    Dithmenos [*.....]
Gold: 123           SH:  0    Dex: 15    Spells: 5/8 levels left

rFire   . . .      SeeInvis .    a - +0 hand axe
rCold   . . .      Faith    .    (no shield)
rNeg    . . .      Spirit   .    b - +0 leather armour
rPois   .          Reflect  .    (no helmet)
rElec   .          Harm     .    (no cloak)
rCorr   .          Rampage  .    (no gloves)
Will    .....                    (no boots)
Stlth   +.........               (no amulet)
HPRegen 0.25/turn                (no ring)
MPRegen 0.11/turn                (no ring)

@: glowing, heavily drained
A: sense surroundings 1, otherworldly, glowing, explore regen
a: Renounce Religion


You were on level 2 of the Dungeon.
You worshipped Dithmenos.
Dithmenos was aware of your devotion.
You visited 1 branch of the dungeon, and saw 3 of its levels.

You collected 123 gold pieces.

Inventory:

Hand Weapons
 a - a +0 hand axe (weapon)
Missiles
 c - 20 stones
Armour
 b - a +0 leather armour (worn)
 f - a +0 ring mail
Scrolls
 d - a scroll of silence {unknown}
 e - a scroll of identify {unknown}
 g - a scroll of teleportation {unknown}
 h - a scroll of noise {unknown}
 i - a scroll of enchant armour {unknown}


   Skills:
 - Level 2.1 Fighting
 * Level 5.4 Axes
 - Level 2.4 Dodging
 - Level 2.6 Spellcasting
 - Level 3.6 Conjurations


You had 5 spell levels left.
You knew the following spells:

 Your Spells              Type           Power      Damage    Failure   Level
b - Momentum Strike       Conj/Tloc      12%        3d8       21%         2
p - Kiss of Death         Conj/Necr      24%        2d7       14%         1

Your spell library contained the following spells:

 Spells                   Type           Power      Damage    Failure   Level
 Magic Dart               Conj           48%        1d5       6%          1
 Call Imp                 Summ           1%         N/A       38%         2
 Hailstorm                Conj/Ice       6%         3d4       38%         3
 Mephitic Cloud           Conj/Pois/Air  5%         N/A       45%         3


Dungeon Overview and Level Annotations

Branches:
Dungeon (3/15) Zot: 1058

Altars:
Dithmenos

Shops:
D:2 ::=

Annotations:
D:3 3 runed translucent doors


Innate Abilities, Weirdness & Mutations

You passively map a small area around you.
You are easily found by Zot.
You glow in the dark.
You regain HP and MP as you explore.


Message History

You miscast Momentum Strike.
You are very lightly contaminated with residual magic.
Nothing appears to happen.
The orc hits you with a +0 dagger.
* * * LOW HITPOINT WARNING * * *
The gnoll closely misses you. The gnoll attacks as you move away!
The gnoll hits you with a +0 whip.
* * * LOW HITPOINT WARNING * * *
The gnoll attacks as you move away! The gnoll hits you with a +0 whip.
* * * LOW HITPOINT WARNING * * *
The gnoll shouts!
The gnoll barely misses you. The gnoll attacks as you move away!
The gnoll hits you with a +0 whip.
* * * LOW HITPOINT WARNING * * *
The gnoll attacks as you move away! The gnoll barely misses you.
The gnoll attacks as you move away! The gnoll hits you with a +0 whip.
* * * LOW HITPOINT WARNING * * *
The gnoll barely misses you. x2
Your magical contamination has completely faded away.
The gnoll attacks as you move away! The gnoll hits you with a +0 whip.
* * * LOW HITPOINT WARNING * * *
The gnoll bouda calls upon its god to heal the gnoll.
The gnoll's wounds heal themselves!
The gnoll hits you from afar with a +0 spear.
* * * LOW HITPOINT WARNING * * *
The gnoll hits you with a +0 whip.
* * * LOW HITPOINT WARNING * * *
The gnoll is no longer moving quickly.
There is a stone staircase leading up here.
The gnoll is no longer moving quickly.
You climb upwards.
There is a stone staircase leading down here.
Casting: Momentum Strike (safe; 21% risk of failure)
Confirm with . or Enter, or press ? or * to list all spells.
Aiming: Kiss of Death (safe; 14% risk of failure)
Press: ? - help, Shift-Dir - straight line, f - gnoll
Aim: a gnoll, wielding a +0 whip (umbra, 100% to hit)
The negative energy hits the gnoll.
The gnoll is drained!
The gnoll is moderately wounded.
You feel drained. The gnoll hits you with a +0 whip.
You die...

###.###........
#...,#.##.....####
#.. #'####.###
#.........#.#
#.......#.#.#
#.#..#..#.#.#
#.#.........#
#g####.....#######
#@.............)..
#.####.###........
#.# ,*#........#
#.# #. +.........
#.# #.##........#
#.# #...........#
#.# #...#..##+#.#
#.# #...#..##.#.#
#...#..##.#.#


You could see a gnoll (very drained).

Vanquished Creatures
  2 gnolls (D:3)
  An adder (D:2)
  2 worms (D:2)
  A dart slug (D:1)
  4 ball pythons (D:2)
  An endoplasm (D:1)
  3 goblins
  A hobgoblin (D:3)
  A frilled lizard (D:3)
  2 kobolds
18 creatures vanquished.

Vanquished Creatures (others)
  An adder (D:2)
  4 fungi (D:1)
  A plant (D:1)
  A withered plant (D:1)
7 creatures vanquished.

Grand Total: 25 creatures vanquished

Notes
Turn   | Place    | Note
-------+----------+-------------------------------------------
     0 | D:1      | lunkers the Meteoran Reaver began the quest for the Orb.
     0 | D:1      | Reached XP level 1. HP: 17/17 MP: 5/5
    49 | D:1      | Reached skill level 4 in Axes
   162 | D:1      | Found a faded altar of an unknown god.
   172 | D:1      | Reached XP level 2. HP: 21/24 MP: 6/6
   180 | D:1      | Learned a level 2 spell: Momentum Strike
   185 | D:1      | Prayed at the altar of an unknown god.
   185 | D:1      | Became a worshipper of Dithmenos the Shadowed
   185 | D:1      | Reached * piety under Dithmenos
   330 | D:2      | Found Pehatelu's Book Boutique.
   402 | D:2      | Reached XP level 3. HP: 24/29 MP: 8/8
   445 | D:2      | Found Gariwuuh's Jewellery Boutique.
   451 | D:2      | Reached skill level 5 in Axes
   489 | D:2      | Found Kyshrole's Book Boutique.
   575 | D:3      | Found a runed translucent gate.
   576 | D:3      | Found a runed translucent gate.
   576 | D:3      | Found a runed translucent gate.
   583 | D:3      | Reached XP level 4. HP: 23/36 MP: 9/9
   735 | D:2      | Slain by a gnoll

Illustrated notes

Levels and vault maps discovered:
D:1:      dpeg_arrival_orchard, layout_loops_ring, shapermc_ecumenical_altar_gd,
          minmay_tall_x
D:2:      layout_basic, serial_shops, nicolae_shop_crystal, shop,
          nicolae_shop_hallway_plus, uniq_robin, uniq_crazy_yiuf_cottage
D:3:      layout_basic, lemuel_crystal_altar, ebering_ghost_rock_garden,
          minmay_misc_feat_square

Skill      XL: |  1  2  3 |
---------------+----------+-----
Axes           | 4 5 |  5.4
Fighting       | |  2.1
Dodging        | |  2.4
Spellcasting   | |  2.6
Conjurations   | |  3.6

Action                   |  1- 3 |  4- 6 || total
-------------------------+-------+-------++-------
Melee: Hand axe          |    65 |    14 ||    79
 Cast: Momentum Strike   |     1 |     2 ||     3
       Kiss of Death     |       |     1 ||     1
Armor: Leather armour    |    11 |     1 ||    12
Dodge: Dodged            |    27 |     8 ||    35

Table legend: (Time is in decaauts)
 A = Elapsed time spent in this place.
 B = Non-inter-level travel time spent in this place.
 C = Inter-level travel time spent in this place.
 D = Time resting spent in this place.
 E = Time spent auto-exploring this place.
 F = Levels seen in this place.
 G = Mean time per level.
                   A        B        C        D        E       F      G
               +--------+--------+--------+--------+--------+-----+--------+
         Total |    740 |    656 |     84 |      0 |    379 |   3 |  246.7 |
       Dungeon |    740 |    656 |     84 |      0 |    379 |   3 |  246.7 |
               +--------+--------+--------+--------+--------+-----+--------+

Top non-repeatable levels by time:
     D:1: 331 daAuts
     D:2: 271 daAuts
     D:3: 138 daAuts
